 Dungeon Crawl Stone Soup version 0.31-a0-971-g75a2e9a4b4 (webtiles) character file.

Game seed: 15500468720986017083

27 Getoffmy the Changeling (level 2, 21/21 HPs)
             Began as a Demonspawn Shapeshifter on Oct 28, 2023.
             Was a Plaything of Xom.
             Got out of the dungeon alive.
             The game lasted 00:01:44 (1217 turns).

Getoffmy the Changeling (Demonspawn Shapeshifter)   Turns: 1217, Time: 00:01:46

Health: 21/21      AC:  2    Str: 14    XL:     2   Next: 93%
Magic:  2/2        EV: 12    Int: 11    God:    Xom [..*...]
Gold:   125        SH:  0    Dex: 12    Spells: 1/1 levels left

rFire   . .          .
                       - Unarmed
rCold   . . .        (no shield)
rNeg    . . .        a - +0 animal skin
rPois   .            (helmet currently unavailable)
rElec   .            (cloak currently unavailable)
rCorr   .            (gloves currently unavailable)
SInv    .            (boots currently unavailable)
Will    .....        (no amulet)
Stlth   +            (no ring)
HPRegen 0.23/turn    (no ring)
MPRegen 0.08/turn

%: no passive effects
@: beast-form
A: beast (slay +1), demonic magic 1
a: Begin Untransformation, Renounce Religion


You escaped.
You worshipped Xom.
You were a toy of Xom.
You were a hulking beast.
You visited 1 branch of the dungeon, and saw 2 of its levels.

You collected 125 gold pieces.

Inventory:

Missiles
 h - 2 throwing nets
Armour
 a - a +0 animal skin (worn)
Talismans
 c - a beast talisman
 d - a flux talisman
Scrolls
 g - a scroll of teleportation {unknown}
 i - 3 scrolls of identify {unknown}
Potions
 b - a potion of lignification
 e - a potion of enlightenment {unknown}
 f - a potion of mutation {unknown}


   Skills:
 + Level 1.4 Fighting
 + Level 2.1 Dodging
 + Level 2.9 Unarmed Combat
 * Level 3.1 Shapeshifting


You had one spell level left.
You didn't know any spells.
Your spell library contained the following spells:

 Spells                   Type           Power      Damage    Failure   Level
 Freeze                   Ice            0%         1d3       34%         1
 Frozen Ramparts          Ice            0%         1d1       71%         3
 Hailstorm                Conj/Ice       0%         3d3       71%         3


Dungeon Overview and Level Annotations

Branches:
Dungeon (2/15)

Altars:
Xom

Shops:
D:1 [


Innate Abilities, Weirdness & Mutations

You are a hulking beast.
Your limbs bulge with bestial killing power. (Slay +1)
Spells you cast may paralyse adjacent enemies.


Message History

You are too injured to fight recklessly!
You are too injured to fight recklessly!
You are too injured to fight recklessly!
You are too injured to fight recklessly!
You are too injured to fight recklessly!
You are too injured to fight recklessly!
You are too injured to fight recklessly!
You are too injured to fight recklessly!
You are too injured to fight recklessly!
You barely miss the goblin.
You feel sick. The goblin hits you with a +0 club.
* * * LOW HITPOINT WARNING * * *
You hit the goblin.
The goblin is moderately wounded.
You feel sick. The goblin closely misses you.
You barely miss the goblin.
The goblin is moderately wounded.
You feel sick. The goblin closely misses you.
You hit the goblin.
The goblin is heavily wounded.
You feel sick. The goblin closely misses you.
You punch the goblin!
You kill the goblin!
You feel sick.
You are no longer poisoned.
Things that are here:
a +0 club; 5 stones; a goblin corpse You start resting.
HP restored.
Things that are here:
a +0 club; 5 stones; a goblin corpse You see here an adder corpse.
There is a stone staircase leading up here.
You climb upwards.
There is a stone staircase leading down here. "See what I see, my child!"
You detect nothing.
You can't go up here!
There is an open door here.
There is a staircase leading out of the dungeon here.
You have escaped!

....#...#..#######.#..........##.
....#._.#..........#..........##.
....#.....#####.####..........##.
..........# #..# #..........##.
###.......# ##.# #..........##. #
####.#.#### #'# #..........##. #
#......##.####.###..........##.
###......#'#.##...##..........##.
........##.##'..h..#......[...##.
...######...###...##.##.....####.
...# ##.....###'###.######.# #.
...# #........'.# #.# #.####.
...# ##.....###'###.# #......
...# ##...###...##.###########.
...# ##.##'.....#.............
...# #'#.##.(.##.######..####
...# ##.####.##.......♣P.♣♣..


There were no monsters in sight!

Vanquished Creatures
  An adder (D:2)
  3 bats (D:1)
  A giant cockroach (D:1)
  3 goblins
  2 hobgoblins (D:1)
  3 ball pythons (D:1)
  3 frilled lizards (D:1)
  2 kobolds (D:1)
  A rat (D:1)
19 creatures vanquished.

Notes
Turn   | Place    | Note
-------+----------+-------------------------------------------
     0 | D:1      | Getoffmy the Demonspawn Shapeshifter began the quest for
                  | the Orb.
     0 | D:1      | Reached XP level 1. HP: 15/15 MP: 1/1
    58 | D:1      | Found a faded altar of an unknown god.
    70 | D:1      | Prayed at the altar of an unknown god.
    70 | D:1      | Became a worshipper of Xom of Chaos
   133 | D:1      | Found Aprunok's Armour Shoppe.
   137 | D:1      | XOM: divination: detect items
   160 | D:1      | Gained mutation: Spells you cast may paralyse adjacent
                  | enemies. [demonic ancestry]
   160 | D:1      | Reached XP level 2. HP: 21/21 MP: 2/2
   510 | D:1      | XOM: noise
   629 | D:1      | Reached skill level 3 in Shapeshifting
  1185 | D:1      | XOM: divination: detect creatures
  1217 | D:$      | Got out of the dungeon alive.

Illustrated notes

Levels and vault maps discovered:
D:1:      dpeg_arrival_rhombi, layout_basic, hellmonk_ecumenical_altar_lost_god,
          serial_shops, nicolae_shop_tiny_waterfront, serial_bayou_crossing
D:2:      layout_loops_cross, uniq_natasha, uniq_robin

Skill      XL: |  1  2 |
---------------+-------+-----
Dodging        | 2 |  2.1
Shapeshifting  | 3 |  3.1
Fighting       | |  1.4
Unarmed Combat | |  2.9

Action                     || total
---------------------------++-------
  Melee: Unarmed           ||    41
   Stab: Sleeping          ||     1
 Armour: Animal skin       ||    17
  Dodge: Dodged            ||    20

Table legend: (Time is in decaauts)
 A = Elapsed time spent in this place.
 B = Non-inter-level travel time spent in this place.
 C = Inter-level travel time spent in this place.
 D = Time resting spent in this place.
 E = Time spent auto-exploring this place.
 F = Levels seen in this place.
 G = Mean time per level.
                   A        B        C        D        E       F      G
               +--------+--------+--------+--------+--------+-----+--------+
         Total |   1219 |   1067 |    152 |     80 |    859 |   2 |  609.5 |
       Dungeon |   1219 |   1067 |    152 |     80 |    859 |   2 |  609.5 |
               +--------+--------+--------+--------+--------+-----+--------+

Top non-repeatable levels by time:
     D:1: 1058 daAuts
     D:2: 161 daAuts
